 Dungeon Crawl Stone Soup version 0.31.0-32-g396128a36d (webtiles) character file.

Game seed: 17703237026815268142

1187 Heoruswealwe the Thaumaturge (level 8, -11/41 HPs)
             Began as a Deep Elf Conjurer on Mar 10, 2024.
             Was a Believer of Vehumet.
             Killed from afar by a steam dragon (20 damage)
             ... with a ball of steam
             ... on level 6 of the Dungeon.
             The game lasted 00:51:57 (6544 turns).

Heoruswealwe the Thaumaturge (Deep Elf Conjurer)    Turns: 6544, Time: 00:51:58

Health: -11/41     AC:  5    Str:  4    XL:     8   Next: 19%
Magic:  2/23       EV: 12    Int: 26    God:    Vehumet [**....]
Gold:   302        SH:  0    Dex: 13    Spells: 11/26 levels left

rFire   . . .        a - +0 rapier
rCold   . . .        (no shield)
rNeg    . . .        c - +0 robe
rPois   .            g - +0 helmet
rElec   .            (no cloak)
rCorr   .            f - +0 pair of gloves
SInv    .            e - +0 pair of boots
Will    .....        (no amulet)
Stlth   ++           (no ring)
HPRegen 0.26/turn    (no ring)
MPRegen 0.18/turn

%: no passive effects
@: very slightly contaminated
A: no striking features
a: Renounce Religion


You were on level 6 of the Dungeon.
You worshipped Vehumet.
Vehumet was pleased with you.
You visited 2 branches of the dungeon, and saw 7 of its levels.

You collected 302 gold pieces.

Inventory:

Hand Weapons
 a - a +0 rapier (weapon)
Armour
 c - a +0 robe (worn)
 e - a +0 pair of boots (worn)
 f - a +0 pair of gloves (worn)
 g - a +0 helmet (worn)
Talismans
 p - a granite talisman
Wands
 j - a wand of flame (34)
 r - a wand of digging (5)
Scrolls
 d - 2 scrolls of poison {unknown}
 k - a scroll of revelation {unknown}
 l - 2 scrolls of amnesia
 m - 2 scrolls of blinking
 t - a scroll of identify {unknown}
 v - a scroll of enchant weapon {unknown}
 w - a scroll of brand weapon {unknown}
 y - a scroll of immolation {unknown}
 z - a scroll of vulnerability {unknown}
Potions
 b - a potion of magic
 h - a potion of haste {unknown}
 i - a potion of mutation {unknown}
 n - a potion of berserk rage {unknown}
 o - 2 potions of ambrosia {unknown}
 q - a potion of enlightenment {unknown}
 u - a potion of cancellation {unknown}
 x - a potion of curing


   Skills:
 - Level 2.4 Dodging
 - Level 2.4 Stealth
 + Level 9.5 Spellcasting
 + Level 8.8 Conjurations


You had 11 spell levels left.
You knew the following spells:

 Your Spells              Type           Power      Damage    Failure   Level
a - Magic Dart            Conj           100%       1d8       1%          1
b - Foxfire               Conj/Fire      100%       2x1d9     1%          1
c - Searing Ray           Conj           100%       2d8       1%          2
d - Hailstorm             Conj/Ice       35%        3d8       2%          3
e - Fulminant Prism       Conj/Alch      17%        3d10      8%          4
f - Iskenderun's Mystic   Conj/Tloc      35%        2d8       8%          4

Your spell library contained the following spells:

 Spells                   Type           Power      Damage    Failure   Level
 Slow                     Hex            48%        N/A       4%          1
 Call Imp                 Summ           24%        N/A       8%          2
 Sublimation of Blood     Necr           12%        N/A       8%          2
 Confusing Touch          Hex            12%        N/A       14%         3
 Sigil of Binding         Hex            12%        N/A       14%         3
 Summon Ice Beast         Ice/Summ       12%        N/A       14%         3
 Vampiric Draining        Necr           12%        2d6       14%         3
 Summon Forest            Summ/Tloc      6%         N/A       80%         5
 Eringya's Noxious Bog    Alch           6%         4d6       100%        6
 Sculpt Simulacrum        Ice/Alch       6%         N/A       100%        6
 Summon Hydra             Summ           6%         N/A       100%        7


Dungeon Overview and Level Annotations

Branches:
Dungeon (6/15)             Temple (1/1) D:4

Altars:
Ashenzari
Cheibriados
Elyvilon
Hepliaklqana
Kikubaaqudgha
Makhleb
Nemelex Xobeh
Okawaru
Qazlal
Sif Muna
Trog
Vehumet
Wu Jian
Yredelemnul
The Shining One


Message History

Casting: Hailstorm (dangerous; 2% risk of failure)
Confirm with . or Enter, or press ? or * to list all spells.
You miscast Iskenderun's Mystic Blast.
You are very lightly contaminated with residual magic.
Nothing appears to happen.
The steam dragon breathes steam at you. The ball of steam hits you!
Casting: Iskenderun's Mystic Blast (quite dangerous; 8% risk of failure)
Confirm with . or Enter, or press ? or * to list all spells.
You erupt in a blast of force!
The mystic blast hits the steam dragon!
The steam dragon is severely wounded.
The steam dragon is knocked back by the mystic blast.
You are engulfed in a cloud of scalding steam.
You are engulfed in a cloud of scalding steam.
The steam dragon bites you!
* * * LOW HITPOINT WARNING * * *
The steam dragon closely misses you. The steam dragon bites you.
* * * LOW HITPOINT WARNING * * *
The steam dragon misses you.
Okay, then.
Okay, then.
Casting: Iskenderun's Mystic Blast (quite dangerous; 8% risk of failure)
Confirm with . or Enter, or press ? or * to list all spells.
You erupt in a blast of force!
The mystic blast hits the steam dragon!
The steam dragon is moderately wounded.
The steam dragon is knocked back by the mystic blast.
The steam dragon slams into the rock wall!
The steam dragon is moderately wounded.
The mystic blast hits the steam dragon!
The steam dragon is almost dead.
The steam dragon is knocked back by the mystic blast.
You are engulfed in a cloud of scalding steam.
* * * LOW HITPOINT WARNING * * *
It was a potion of curing.
You feel better. The steam dragon bites you!
* * * LOW HITPOINT WARNING * * *
The steam dragon closely misses you.
You feel better. The steam dragon breathes steam at you.
The ball of steam hits you!!
You die...

≈...~
#P.P#
#..~#
#..P#
#~.~#
#...#
#DD≈#
#.@#
#..#
##~.#
#..~#
#^.~#
#..≈#
#...##
..#
#..~.#
#..#
#....##
#..#


You could see 2 steam dragons.

Vanquished Creatures
  Duvessa (D:5)
  A black bear (D:6)
  An ice beast (D:5)
  An ogre (D:4)
  A centaur (D:5)
  A scorpion (D:5)
  Dowan (D:5)
  A hound (D:5)
  A bombardier beetle (D:5)
  A gnoll bouda (D:5)
  An iguana (D:5)
  Natasha (thrice) (D:2)
  Terence (D:2)
  2 sleepcaps
  7 gnolls
  9 adders
  9 river rats (D:5)
  A shadow imp (D:5)
  A white imp (D:4)
  2 ufetubi (D:5)
  4 ribbon worms
  8 orcs
  8 endoplasms
  A giant cockroach (D:2)
  6 hobgoblins
  4 jackals
  6 quokkas
  7 ball pythons
  4 bats
  2 frilled lizards
  5 goblins
  8 kobolds
  18 rats
127 creatures vanquished.

Notes
Turn   | Place    | Note
-------+----------+-------------------------------------------
     0 | D:1      | Heoruswealwe the Deep Elf Conjurer began the quest for the
                  | Orb.
     0 | D:1      | Reached XP level 1. HP: 10/10 MP: 6/6
   232 | D:1      | Reached XP level 2. HP: 15/15 MP: 3/8
   236 | D:1      | Learned a level 2 spell: Searing Ray
   970 | D:2      | Found a bloodstained altar of Trog.
  1006 | D:2      | Noticed Terence
  1012 | D:2      | Killed Terence
  1013 | D:2      | Reached skill level 4 in Spellcasting
  1013 | D:2      | Reached skill level 5 in Conjurations
  1013 | D:2      | Reached XP level 3. HP: 19/19 MP: 1/10
  1232 | D:2      | Reached XP level 4. HP: 15/24 MP: 0/12
  1342 | D:2      | Learned a level 4 spell: Fulminant Prism
  1347 | D:2      | Learned a level 4 spell: Iskenderun's Mystic Blast
  1399 | D:2      | Found a faded altar of an unknown god.
  1432 | D:2      | Reached skill level 5 in Spellcasting
  1643 | D:2      | Noticed Natasha
  1647 | D:2      | Killed Natasha
  2041 | D:2      | Noticed Natasha
  2045 | D:2      | Killed Natasha
  2046 | D:2      | Reached XP level 5. HP: 28/28 MP: 10/15
  2090 | D:2      | Found a faded altar of an unknown god.
  2314 | D:2      | Noticed Natasha
  2319 | D:2      | Killed Natasha
  2320 | D:2      | Found a bloodstained altar of Trog.
  2670 | D:3      | Found a snail-covered altar of Cheibriados.
  2675 | D:3      | Found an ornate altar of the Wu Jian Council.
  2958 | D:3      | Learned a level 3 spell: Hailstorm
  3531 | D:3      | Reached skill level 6 in Spellcasting
  3537 | D:3      | Found a sparkling altar of Nemelex Xobeh.
  3914 | D:4      | Found a staircase to the Ecumenical Temple.
  3969 | Temple   | Entered the Ecumenical Temple
  3990 | Temple   | Became a worshipper of Vehumet
  4212 | D:4      | Noticed an ogre
  4218 | D:4      | Killed an ogre
  4219 | D:4      | Reached XP level 6. HP: 32/32 MP: 6/17
  4779 | D:5      | Entered Level 5 of the Dungeon
  4804 | D:5      | Noticed Dowan
  4805 | D:5      | Noticed Duvessa
  4818 | D:5      | Reached skill level 7 in Spellcasting
  4818 | D:5      | Killed Dowan
  4818 | D:5      | Reached * piety under Vehumet
  4818 | D:5      | Offered knowledge of Sandblast by Vehumet.
  4819 | D:5      | Killed Duvessa
  4820 | D:5      | Reached XP level 7. HP: 16/36 MP: 1/20
  5519 | D:5      | Reached skill level 8 in Spellcasting
  6077 | D:5      | Reached skill level 9 in Spellcasting
  6126 | D:5      | Reached XP level 8. HP: 41/41 MP: 20/23
  6133 | D:5      | Offered knowledge of Foxfire by Vehumet.
  6136 | D:5      | Learned a level 1 spell: Foxfire
  6250 | D:5      | Reached ** piety under Vehumet
  6543 | D:6      | HP: 2/41 [steam dragon (9)]
  6544 | D:6      | Killed from afar by a steam dragon

Illustrated notes

Levels and vault maps discovered:
D:1:      dpeg_arrival_oval, layout_basic
D:2:      layout_basic, chequers_ecumenical_altar_simple, basic_altar,
          uniq_terence, uniq_natasha
D:3:      layout_basic, nemelex_dance_club_becter, grunt_temple_overflow_open
D:4:      layout_rooms, minmay_temple_entry_mist, grunt_ministairs_10
D:5:      layout_layer_cave, minmay_misc_feat_hallway, dk_noncrumbling_2,
          dk_rats_in_the_wall, uniq_duvessa
D:6:      kennysheep_steamy, layout_loops_ring, minmay_overflow_temple_star_hex
Temple:   nicolae_temple_godzebo

Skill      XL: |  1  2  3  4  5  6  7 |
---------------+----------------------+-----
Spellcasting   | 4 5 6 7 9 |  9.5
Conjurations   | 5 6 7 8 |  8.8
Dodging        | |  2.4
Stealth        | |  2.4

Action                     |  1- 3 |  4- 6 |  7- 9 || total
---------------------------+-------+-------+-------++-------
  Melee: Rapier            |       |       |    14 ||    14
   Cast: Magic Dart        |    58 |    83 |    54 ||   195
         Searing Ray       |     3 |    11 |    14 ||    28
         Iskenderun's Myst |       |     2 |     3 ||     5
         Hailstorm         |       |     2 |     6 ||     8
  Evoke: Wand              |       |     1 |       ||     1
    Use: Scroll            |       |       |     5 ||     5
         Potion            |       |       |     3 ||     3
 Armour: Robe              |    11 |    11 |    31 ||    53
  Dodge: Dodged            |     5 |    18 |    19 ||    42
